 Dungeon Crawl Stone Soup version 0.29.0-10-g45618ea6d2 (webtiles) character file.

Game seed: 9462256235876078529

6436 Flugkiller the Cleaver (level 10, -6/83 HPs)
             Began as a Minotaur Fighter on Sept 1, 2022.
             Was an Elder of Okawaru.
             Killed from afar by an acid dragon (26 damage)
             ... with a splash of acid
             ... on level 9 of the Dungeon.
             The game lasted 00:05:02 (7770 turns).

Flugkiller the Cleaver (Minotaur Fighter)           Turns: 7770, Time: 00:05:03

Health: -6/83      AC: 14    Str: 26    XL:     10   Next: 67%
Magic:  12/12      EV:  9    Int:  4    God:    Okawaru [****..]
Gold:   681        SH:  5    Dex: 14    Spells: 9/9 levels left

rFire   . . .      SeeInvis .   a - +1 war axe
rCold   . . .      Faith    +   c - +0 buckler
rNeg    . . .      Spirit   .   l - +6 scale mail of Mental Paralysis {Str+2 Stlth+}
rPois   +          Reflect  .   (helmet restricted)
rElec   .          Harm     .   k - +1 cloak {rPois}
rCorr   .          Rampage  .   (no gloves)
Will    +....                   x - +0 pair of boots
Stlth   +.........              D - amulet of faith
HPRegen 1.03/turn               m - ring of willpower
MPRegen 0.13/turn               o - ring of poison resistance

@: corroded
A: horns 2, retaliatory headbutt, frail 1, regeneration 1, strong 1
a: Renounce Religion, Heroism, Finesse


You were on level 9 of the Dungeon.
You worshipped Okawaru.
Okawaru was greatly pleased with you.
You visited 2 branches of the dungeon, and saw 10 of its levels.
You also visited: Ossuary.

You collected 681 gold pieces.

Inventory:

Hand Weapons
 a - a +1 war axe (weapon)
 y - a +4 hand axe
   (You took it off a wight on level 8 of the Dungeon)
 H - a +2 battleaxe
   (You took it off a wight on level 9 of the Dungeon)
Missiles
 g - 6 boomerangs (quivered)
 p - 6 silver boomerangs
 v - 6 throwing nets
Armour
 c - a +0 buckler (worn)
 k - a +1 cloak of poison resistance (worn)
   (You took it off Crazy Yiuf on level 7 of the Dungeon)
 l - the +6 scale mail of Mental Paralysis (worn) {Str+2 Stlth+}
   (You found it on level 2 of the Dungeon)

   Str:       It affects your strength (+2).
   Stlth:     It makes you more stealthy.
 x - a +0 pair of boots (worn)
   (You found it on level 4 of the Dungeon)
 C - the +0 pair of gloves "Miabid" {Harm Slay+2}
   (You found it on level 4 of the Dungeon)

   Slay:      It affects your accuracy & damage with ranged weapons and melee
   (+2).
   Harm:      It increases damage dealt and taken.
Jewellery
 m - a ring of willpower (left hand)
   (You found it on level 5 of the Dungeon)
 o - a ring of poison resistance (right hand)
   (You found it on level 7 of the Dungeon)
 D - an amulet of faith (around neck)
   (You found it on level 6 of the Dungeon)
Wands
 e - a wand of roots (2)
   (You found it on level 3 of the Dungeon)
 A - a wand of light (8)
   (You found it on level 5 of the Dungeon)
Scrolls
 f - a scroll of vulnerability
 h - 2 scrolls of immolation
 i - a scroll of brand weapon
 r - 4 scrolls of identify
 t - 3 scrolls of teleportation
 u - a scroll of fear
 z - a scroll of blinking
 E - a scroll of enchant weapon
 G - a scroll of magic mapping {unknown}
Potions
 d - a potion of might
 j - a potion of invisibility
 n - a potion of resistance
 q - 2 potions of curing
 s - 3 potions of mutation
 w - a potion of magic {unknown}
 B - 3 potions of flight
 F - a potion of lignification {unknown}


   Skills:
 + Level 10.0 Fighting
 * Level 13.1 Axes
 + Level 10.0 Armour
 - Level 3.6 Shields
 + Level 5.1 Invocations


You had 9 spell levels left.
You didn't know any spells.
Your spell library was empty.

Dungeon Overview and Level Annotations

Branches:
Dungeon (9/15)             Temple (1/1) D:6         Ossuary (visited)
   Lair: D:8-11         Orc: D:9-12

Altars:
Ashenzari
Cheibriados
Dithmenos
Elyvilon
Fedhas
Gozag
Kikubaaqudgha
Makhleb
Nemelex Xobeh
Okawaru
Qazlal
Ru
Sif Muna
Trog
Uskayaw
Vehumet
Wu Jian
Xom
Yredelemnul
Zin
The Shining One

Shops:
D:3 !


Innate Abilities, Weirdness & Mutations

You have a pair of horns on your head.
You reflexively headbutt those who attack you in melee.
You are frail. (-10% HP)
Your natural rate of healing is unusually fast.
Your muscles are strong. (Str +4, Int/Dex -1)


Message History

You block the killer bee's attack. The killer bee barely misses you.
You furiously retaliate!
You headbutt the killer bee! You slash the killer bee!
You kill the killer bee!
Okawaru accepts your kill.
G - a scroll labelled COQERGHERUN
Things that are here:
a +3 halberd; a +0 robe A wight comes into view.
It is wielding a +2 battleaxe.
A wight is nearby!
There is an open door here.
Things that are here:
a +0 spear; a +0 robe; a scroll of identify A wight is nearby!
The wight hits you with a +2 battleaxe!
You feel drained.
You hit the wight but do no damage. You headbutt the wight!
The wight is heavily damaged.
The wight barely misses you. You furiously retaliate!
You headbutt the wight. You closely miss the wight.
The wight is severely damaged.
The wight hits you with a +2 battleaxe.
You feel drained.
You closely miss the wight. You headbutt the wight.
You destroy the wight!
Okawaru accepts your kill.
No target in view!
No target in view!
Things that are here:
a +2 battleaxe; a +0 robe
H - a +2 battleaxe
r - 4 scrolls of identify (gained 1)
There is an open door here.
Things that are here:
a +0 spear; a +0 robe A two-headed ogre comes into view.
It is wielding a +0 giant spiked club and a +0 giant club.
The two-headed ogre shouts in stereo!
A two-headed ogre is nearby!
You drop a +1 battleaxe.
You gain the combat prowess of a mighty hero.
You slash the two-headed ogre!
The two-headed ogre is lightly wounded.
The two-headed ogre hits you with a +0 giant spiked club!
The two-headed ogre hits you with a +0 giant club!
You slice the two-headed ogre!! You headbutt the two-headed ogre!
The two-headed ogre is heavily wounded.
You slash the two-headed ogre!
The two-headed ogre is almost dead.
The two-headed ogre completely misses you.
You block the two-headed ogre's attack.
You slash the two-headed ogre!
You kill the two-headed ogre!
Okawaru is honoured by your kill.
Your life force feels restored.
Your base Fighting skill increases to level 10!
Your base Axes skill increases to level 13!
Your base Armour skill increases to level 10!
Your Invocations skill increases to level 5!
No target in view!
Things that are here:
a +0 giant spiked club; a +0 giant club; a two-headed ogre corpse You feel like a meek peon again.
You open the door.
There is an open door here.
An acid dragon comes into view.
The acid dragon roars!
The acid dragon spits acid at you. The splash of acid hits you!!
An acid dragon is nearby!
An acid dragon is nearby!
An acid dragon is nearby!
A two-headed ogre comes into view.
It is wielding a +0 giant club and a +0 giant spiked club.
The two-headed ogre shouts in stereo!
You hit the acid dragon but do no damage.
Your headbutt misses the acid dragon. The acid dragon spits acid at you.
The splash of acid hits you! The acid corrodes you!
You hit the acid dragon.
The acid dragon is lightly wounded.
The acid dragon bites you!
The acid dragon claws you but does no damage.
You slash the acid dragon!
The acid dragon is heavily wounded.
The acid dragon bites you but does no damage.
The acid dragon barely misses you.
You slash the acid dragon!
The acid dragon is almost dead.
The acid dragon bites you! The acid dragon closely misses you.
You are too injured to fight recklessly!
You barely miss the acid dragon. You headbutt the acid dragon.
The acid dragon is almost dead.
You hit the acid dragon.
The acid dragon is almost dead.
The acid dragon bites you!
* * * LOW HITPOINT WARNING * * *
You block the acid dragon's attack.
As you read the scroll of fear, it crumbles to dust.
You assume a fearsome visage.
The two-headed ogre looks frightened!
The acid dragon looks frightened!
The acid dragon spits acid at you. The splash of acid hits you!!
You die...

#########'###...
#...........#...
#...........#... . #
#...........#... .. #.
#...........#...
...#.################...
........................
......O.................
......D@................
############.............
#..........#.............
#..........#.............
#..........##'######'####
#......).......#.........
###'##.#####...#.........
#.....)....#...#.........
#......[...#...#####....(


You could see a two-headed ogre (fleeing) and an acid dragon (fleeing, catching
breath).

Vanquished Creatures
  Harold (D:9)
  2 two-headed ogres
  Psyche (D:9)
  Prince Ribbit (D:7)
  5 yaks (D:8)
  A wyvern (D:9)
  2 water moccasins
  3 black bears
  2 sky beasts
  2 ice beasts
  2 ogres
  A phantom (D:6)
  A kobold brigand (D:8)
  2 elf zombies (Ossuary)
  A gnoll sergeant (D:8)
  15 wights
  5 killer bees (D:9)
  A howler monkey (D:5)
  3 jellies
  Crazy Yiuf (D:7)
  2 orc priests
  4 hounds
  4 iguanas
  6 orc wizards
  2 mummies (Ossuary)
  12 adders
  7 gnolls
  A shadow imp (D:7)
  2 ufetubi (D:4)
  2 worms
  3 dart slugs
  34 orcs
  11 ball pythons
  4 endoplasms
  3 giant cockroaches
  5 gnoll zombies (Ossuary)
  11 goblins
  10 hobgoblins
  2 jackals (D:1)
  6 kobolds
  8 quokkas
  5 bats
  16 frilled lizards
  3 goblin zombies (Ossuary)
  A hobgoblin zombie (Ossuary)
  3 orc zombies (Ossuary)
  5 rats
224 creatures vanquished.

Vanquished Creatures (others)
  9 plants
9 creatures vanquished.

Grand Total: 233 creatures vanquished

Notes
Turn   | Place    | Note
-------+----------+-------------------------------------------
     0 | D:1      | Flugkiller the Minotaur Fighter began the quest for the
                  | Orb.
     0 | D:1      | Reached XP level 1. HP: 19/19 MP: 0/0
   215 | D:1      | Reached XP level 2. HP: 23/27 MP: 1/1
   220 | D:1      | Reached skill level 3 in Axes
   362 | D:1      | You fall into a shaft and drop 1 floor!
   390 | D:2      | Found the +7 staff of the Meek {protect, meekguard}
   723 | D:1      | Reached XP level 3. HP: 33/33 MP: 2/2
  1068 | D:2      | Reached skill level 4 in Axes
  1068 | D:2      | Reached XP level 4. HP: 41/41 MP: 3/3
  1073 | D:2      | Identified the +6 scale mail of Mental Paralysis {Str+2
                  | Stlth+}
  1447 | D:3      | Reached XP level 5. HP: 21/47 MP: 4/4
  1829 | D:3      | Reached skill level 5 in Axes
  2135 | D:3      | Found Bits's Distillery.
  2483 | D:4      | Noticed an ogre
  2484 | D:4      | Reached skill level 5 in Fighting
  2484 | D:4      | Reached skill level 5 in Armour
  2485 | D:4      | Reached XP level 6. HP: 31/56 MP: 5/5
  2636 | D:4      | Reached skill level 6 in Axes
  2721 | D:4      | Reached XP level 7. HP: 60/62 MP: 6/6
  2737 | D:4      | Reached skill level 7 in Axes
  2784 | D:4      | Found a glowing golden altar of the Shining One.
  2944 | D:4      | Gained mutation: Your muscles are strong. (Str +4, Int/Dex
                  | -1) [potion of mutation]
  2944 | D:4      | Gained mutation: You are frail. (-10% HP) [potion of
                  | mutation]
  2944 | D:4      | Gained mutation: Your natural rate of healing is unusually
                  | fast. [potion of mutation]
  3080 | D:4      | Identified the +0 pair of gloves "Miabid" {Harm Slay+2}
  3213 | D:4      | HP: 2/56 [poisoned by an orc wizard]
  3218 | D:4      | HP: 1/56 [poisoned by an orc wizard]
  3319 | D:5      | Entered Level 5 of the Dungeon
  3386 | D:5      | Found Baxithroi's Magic Scroll Shoppe.
  3392 | D:5      | Found a sand-covered staircase.
  3404 | Ossuary  | Entered an ossuary
  3686 | D:5      | Found a shimmering blue altar of Sif Muna.
  3921 | D:5      | Reached skill level 8 in Axes
  4180 | D:6      | Reached XP level 8. HP: 62/63 MP: 7/7
  4580 | D:6      | Reached skill level 9 in Axes
  4623 | D:6      | Identified the +6 mace "Arcanum" {venom, Will+ rCorr
                  | Stlth+}
  4777 | D:6      | Found a staircase to the Ecumenical Temple.
  5160 | Temple   | Entered the Ecumenical Temple
  5386 | Temple   | Became a worshipper of Warmaster Okawaru
  5569 | D:7      | Reached skill level 10 in Axes
  5772 | D:7      | Reached skill level 1 in Invocations
  5772 | D:7      | Reached XP level 9. HP: 63/72 MP: 8/8
  5868 | D:7      | Noticed Prince Ribbit
  5882 | D:7      | Identified the +1 pair of gloves "Put-Me-On" {Harm rC- rN+
                  | Str+6}
  5884 | D:7      | Killed Prince Ribbit
  6159 | D:7      | Found a runed translucent door.
  6160 | D:7      | Noticed Crazy Yiuf
  6199 | D:7      | Reached * piety under Okawaru
  6342 | D:7      | Killed Crazy Yiuf
  6603 | D:8      | Noticed a two-headed ogre
  6613 | D:8      | Killed a two-headed ogre
  6613 | D:8      | Reached ** piety under Okawaru
  6614 | D:8      | Reached skill level 11 in Axes
  6721 | D:8      | Reached *** piety under Okawaru
  6810 | D:8      | Reached XP level 10. HP: 72/81 MP: 8/11
  6985 | D:8      | Reached skill level 12 in Axes
  6992 | D:8      | Identified the +1 rapier of Miwkeocw {vorpal, rPois rN+
                  | Dex-3}
  7130 | D:9      | Found a sparkling altar of Nemelex Xobeh.
  7153 | D:9      | Noticed Psyche
  7164 | D:9      | Killed Psyche
  7305 | D:9      | Found a white marble altar of Elyvilon.
  7432 | D:9      | Found a burning altar of Makhleb.
  7546 | D:9      | Noticed Harold
  7556 | D:9      | Killed Harold
  7556 | D:9      | Reached **** piety under Okawaru
  7712 | D:9      | Noticed a two-headed ogre
  7719 | D:9      | Killed a two-headed ogre
  7720 | D:9      | Reached skill level 10 in Fighting
  7720 | D:9      | Reached skill level 13 in Axes
  7720 | D:9      | Reached skill level 10 in Armour
  7720 | D:9      | Reached skill level 5 in Invocations
  7762 | D:9      | Noticed a two-headed ogre
  7770 | D:9      | Killed from afar by an acid dragon

Illustrated notes

Levels and vault maps discovered:
D:1:      ebering_hopf_link, layout_loops_cross
D:2:      kennysheep_six_static_rooms, layout_rooms
D:3:      minmay_evil_eye, layout_rooms, serial_shops, shop_statue,
          serial_co_window_serial, co_window_paths_b, co_window_corner_a,
          co_window_corner_a, co_window_of_opportunity_a, co_window_corner_a,
          co_window_paths_a, co_window_of_opportunity_a,
          co_window_unsneaky_path_a, co_window_of_opportunity_b,
          co_window_of_opportunity_b, co_window_corner_b, co_window_broadway_c,
          glass_columns_a, glass_columns_a, kennysheep_minor_cross
D:4:      layout_rooms, mainiacjoe_overflow_alcove_4, serial_bayou_crossing
D:5:      layout_loops_ring, nicolae_sif_muna_little_library, enter_ossuary_1,
          serial_shops, nicolae_shop_crystal, minmay_lizard_king
D:6:      layout_loops_ring, temple_hall, bh_walls_and_bars
D:7:      layout_basic, uniq_crazy_yiuf_cottage, uniq_prince_ribbit1
D:8:      layout_loops_ring
D:9:      layout_grid_maze, worldfamousw_hep_ancestral_shrine,
          mainiacjoe_overflow_small_starburst, elyvilon_altar_1,
          nemelex_spade_bored_becter, uniq_psyche, uniq_harold
Temple:   eino_temple_scatter_basement

Skill      XL: |  1  2  3  4  5  6  7  8  9 10 |
---------------+-------------------------------+-----
Axes           | 3 4 5 6 8 10 11 13 | 13.1
Fighting       | 4 5 6 7 9 10 | 10.0
Armour         | 4 5 6 7 9 10 | 10.0
Invocations    | 1 3 5 |  5.1
Shields        | |  3.6

Action                   |  1- 3 |  4- 6 |  7- 9 | 10-12 || total
-------------------------+-------+-------+-------+-------++-------
Melee: War axe           |    76 |    91 |   289 |    85 ||   541
       Headbutt          |    12 |    11 |    59 |    13 ||    95
Invok: Heroism           |       |       |     3 |     4 ||     7
Evoke: Wand              |       |       |     1 |       ||     1
  Use: Potion            |       |     1 |     3 |       ||     4
       Scroll            |       |       |    11 |     5 ||    16
Armor: Scale mail        |    44 |    49 |   152 |    36 ||   281
Dodge: Dodged            |    35 |    40 |   127 |    35 ||   237
Block: Buckler           |    18 |    12 |    50 |    21 ||   101
